 Dungeon Crawl Stone Soup version 0.29-a0-563-g64e4043184 (webtiles) character file.

Game seed: 8335991283991058946

1 gruber the Shield-Bearer (level 1, -2/11 HPs)
             Began as a Vine Stalker Fighter on June 11, 2022.
             Succumbed to a goblin's poison
             ... on level 1 of the Dungeon.
             The game lasted 00:00:10 (47 turns).

gruber the Shield-Bearer (Vine Stalker Fighter)       Turns: 47, Time: 00:00:10

Health: -2/11      AC:  6    Str: 18    XL:     1   Next: 20%
Magic:  1/2        EV:  9    Int:  8    God:
Gold:   14         SH:  4    Dex: 13    Spells: 0/0 levels left

rFire   . . .      SeeInvis .   a - +0 long sword
rCold   . . .      Faith    .   c - +0 buckler
rNeg    . . .      Spirit   +   b - +0 scale mail
rPois   .          Reflect  .   (no helmet)
rElec   .          Harm     .   (no cloak)
rCorr   .          Rampage  .   (no gloves)
Will    .....                   (no boots)
Stlth   ..........              (no amulet)
HPRegen 0.03/turn               (no ring)
MPRegen 0.08/turn               (no ring)

@: lethally poisoned (-2 -> -22)
A: fangs 2, magic shield, antimagic bite, no potion heal 2
a: no special abilities


You were on level 1 of the Dungeon.
You visited 1 branch of the dungeon, and saw 1 of its levels.

You collected 14 gold pieces.

Inventory:

Hand Weapons
 a - a +0 long sword (weapon)
Armour
 b - a +0 scale mail (worn)
 c - a +0 buckler (worn)
Scrolls
 e - a scroll of magic mapping {unknown}
 f - a scroll of fear {unknown}
 g - a scroll of identify {unknown}
Potions
 d - a potion of might


   Skills:
 - Level 2.6 Fighting
 + Level 1.9 Long Blades
 - Level 2.4 Armour
 - Level 2.6 Shields


You couldn't memorise any spells.
You didn't know any spells.
Your spell library was empty.

Dungeon Overview and Level Annotations

Branches:
Dungeon (1/15)

Altars:


Innate Abilities, Weirdness & Mutations

You have extremely sharp teeth.
When hurt, damage is shared between your health and your magic reserves.
Your bite disrupts and absorbs the magic of your enemies.
Potions cannot restore your health.


Message History

You block the giant cockroach's attack. The giant cockroach closely misses you.
You hit the giant cockroach.
You bite the giant cockroach, but do no damage.
The giant cockroach is severely wounded.
The giant cockroach bites you but does no damage.
You hit the giant cockroach.
You kill the giant cockroach!
e - a scroll labelled KEAHUE IDYSOID No target in view!
f - a scroll labelled TIESMA CAFUBOT No target in view!
g - a scroll labelled FIFESTROAMN No target in view!
You now have 14 gold pieces.
A kobold and a goblin come into view.
The goblin is wielding a +0 dagger of venom.
The kobold shouts!
The goblin shouts!
An endoplasm comes into view.
The kobold moves out of view.
A rat comes into view.
Found 2 yellow potions.
There are monsters nearby!
Found a cyan potion.
The kobold barely misses you.
There are monsters nearby!
You barely miss the kobold. Your bite misses the kobold.
The kobold hits you but does no damage.
There are monsters nearby!
The goblin attacks as you move away!
The goblin hits you with a +0 dagger of venom.
You are lethally poisoned!
Found a shiny agate ring.
You feel very sick. The kobold hits you but does no damage.
* * * LOW HITPOINT WARNING * * *
You feel sick.
The kobold throws a stone.
The stone hits you.
* * * LOW HITPOINT WARNING * * *
Unknown command.
The goblin attacks as you move away! The goblin hits you but does no damage.
You are more poisoned.
You die...

...=. ..# #.# ###..
#.######.# #G#...
#.....##.#
###...###.....##.#
........J.######.######
####..#K..............#
#...rg######.......#
######.######.......####
........@................
########.####........####
#!. #........#### ##.#
#...........# ..
#.#.####†...#
#.##.#..........
..#.########... #.# #.≈≈
####.≈.


You could see an endoplasm, a goblin, a kobold and a rat.

Vanquished Creatures
  A giant cockroach (D:1)
1 creature vanquished.

Notes
Turn   | Place    | Note
-------+----------+-------------------------------------------
     0 | D:1      | gruber the Vine Stalker Fighter began the quest for the
                  | Orb.
     0 | D:1      | Reached XP level 1. HP: 11/11 MP: 2/2
    41 | D:1      | Noticed a golden eye
    47 | D:1      | Succumbed to a goblin's poison

Illustrated notes

Levels and vault maps discovered:
D:1:      ebering_hopf_link, layout_basic,
          hellmonk_ecumenical_altar_watching_god

Action                   || total
-------------------------++-------
Melee: Long sword        ||     5
       Bite              ||     2
Armor: Scale mail        ||     4
Dodge: Dodged            ||     3
Block: Buckler           ||     1

Table legend: (Time is in decaauts)
 A = Elapsed time spent in this place.
 B = Non-inter-level travel time spent in this place.
 C = Inter-level travel time spent in this place.
 D = Time resting spent in this place.
 E = Time spent auto-exploring this place.
 F = Levels seen in this place.
 G = Mean time per level.
                   A        B        C        D        E       F      G
               +--------+--------+--------+--------+--------+-----+--------+
         Total |     48 |     48 |      0 |      0 |     29 |   1 |   48.0 |
       Dungeon |     48 |     48 |      0 |      0 |     29 |   1 |   48.0 |
               +--------+--------+--------+--------+--------+-----+--------+

Top non-repeatable levels by time:
     D:1: 48 daAuts
